 Dungeon Crawl Stone Soup version 0.28-a0-802-g09f76e8c00 (webtiles) character file.

Game seed: 12681378298970017391

1 lessens the Vexing (level 1, -3/10 HPs)
             Began as a Deep Elf Enchanter on Nov 7, 2021.
             Slain by a kobold (4 damage)
             ... on level 1 of the Dungeon.
             The game lasted 00:00:25 (108 turns).

lessens the Vexing (Deep Elf Enchanter)              Turns: 108, Time: 00:00:26

Health: -3/10      AC:  2    Str:  5    XL:     1   Next: 16%
Magic:  6/6        EV: 12    Int: 19    God:
Gold:   5          SH:  0    Dex: 15    Spells: 6/6 levels left

rFire   . . .      SeeInvis .   a - +1 dagger
rCold   . . .      Faith    .   (no shield)
rNeg    . . .      Spirit   .   b - +0 robe
rPois   .          Reflect  .   (no helmet)
rElec   .          Harm     .   (no cloak)
rCorr   .          Rampage  .   (no gloves)
Will    .....                   (no boots)
Stlth   ++........              (no amulet)
HPRegen 0.03/turn               (no ring)
MPRegen 0.10/turn               (no ring)

@: very slightly contaminated, invisible
A: no striking features
a: no special abilities


You were on level 1 of the Dungeon.
You visited 1 branch of the dungeon, and saw 1 of its levels.

You collected 5 gold pieces.

Inventory:

Hand Weapons
 a - a +1 dagger (weapon)
Missiles
 e - 17 stones (quivered)
Armour
 b - a +0 robe (worn)
 d - a +0 helmet


   Skills:
 + Level 1.0 Short Blades
 - Level 2.4 Dodging
 - Level 3.6 Stealth
 + Level 3.0 Spellcasting
 + Level 4.0 Hexes


You had 6 spell levels left.
You didn't know any spells.
Your spell library contained the following spells:

 Spells                   Type           Power      Damage    Failure   Level
 Confusing Touch          Hex            18%        N/A       9%          3
 Tukima's Dance           Hex            18%        N/A       9%          3
 Ensorcelled Hibernation  Hex/Ice        20%        N/A       10%         2
 Dazzling Flash           Conj/Hex       20%        N/A       21%         3


Dungeon Overview and Level Annotations

Branches:
Dungeon (1/15)

Altars:


Message History

Found a ring mail.
You open the door.
There is an open door here.
You now have 5 gold pieces.
d - a +0 helmet
e - 17 stones A kobold comes into view. It is wielding a +0 dagger.
A kobold is nearby!
The kobold shouts!
A bat comes into view.
You don't know any spells.
Sorry, you're not good enough to have a special ability.
Unknown command.
A frilled lizard comes into view.
You don't know any spells.
Okay, then.
You closely miss the kobold. The kobold hits you with a +0 dagger.
You hit the kobold.
The kobold is moderately wounded.
The kobold hits you with a +0 dagger.
You hit the kobold but do no damage.
The kobold is moderately wounded.
The kobold hits you but does no damage.
You hit the kobold but do no damage.
The kobold is moderately wounded.
The kobold hits you with a +0 dagger.
* * * LOW HITPOINT WARNING * * *
Okay, then.
A goblin and a kobold come into view.
The kobold throws a stone.
The stone hits you but does no damage.
You fade into invisibility!
The kobold barely misses you.
The kobold throws a stone.
The stone closely misses you.
You are very lightly contaminated with residual magic.
You hit the kobold.
You kill the kobold!
The kobold throws a stone.
The stone hits you.
* * * LOW HITPOINT WARNING * * *
The kobold hits you with a +0 dagger.
You die...

#..#.# #..#.#
#######..#.#
#........#.#
#.#####....####
#.##...........
#)##...........
##.#####.##...........
#...K@...##..########'
#g.########..####.....
# #..##...⌠...
#..#..⌠...#+
#..+.....##>
#..+.....##<
...#......#'
...##....... ###.....


You could see a goblin (asleep) and a kobold.

Vanquished Creatures
  A kobold (D:1)
1 creature vanquished.

Notes
Turn   | Place    | Note
-------+----------+-------------------------------------------
     0 | D:1      | lessens the Deep Elf Enchanter began the quest for the Orb.
     0 | D:1      | Reached XP level 1. HP: 10/10 MP: 6/6
   108 | D:1      | Slain by a kobold

Illustrated notes

Levels and vault maps discovered:
D:1:      dpeg_arrival_refuge, layout_loops_ring, serial_shops, shop

Action                   || total
-------------------------++-------
Melee: Dagger            ||     5
  Use: Potion            ||     1
Armor: Robe              ||     2
Dodge: Dodged            ||     2

Table legend: (Time is in decaauts)
 A = Elapsed time spent in this place.
 B = Non-inter-level travel time spent in this place.
 C = Inter-level travel time spent in this place.
 D = Time resting spent in this place.
 E = Time spent auto-exploring this place.
 F = Levels seen in this place.
 G = Mean time per level.
                   A        B        C        D        E       F      G
               +--------+--------+--------+--------+--------+-----+--------+
         Total |    107 |    107 |      0 |      0 |     86 |   1 |  107.0 |
       Dungeon |    107 |    107 |      0 |      0 |     86 |   1 |  107.0 |
               +--------+--------+--------+--------+--------+-----+--------+

Top non-repeatable levels by time:
     D:1: 107 daAuts
